 Dungeon Crawl Stone Soup version 0.30-a0-627-gc11e7ae810 (webtiles) character file.

Game seed: 11702187775418161501

1035 BaabKaare the Firebug (level 8, -6/53 HPs)
             Began as a Human Fire Elementalist on Jan 12, 2023.
             Was a Plaything of Xom.
             Mangled by Duvessa
             ... wielding a +0 short sword
              (16 damage)
             ... on level 4 of the Dungeon.
             The game lasted 00:20:53 (7707 turns).

BaabKaare the Firebug (Human Fire Elementalist)     Turns: 7707, Time: 00:20:54

Health: -6/53      AC:  3    Str:  9    XL:     8   Next: 48%
Magic:  3/16       EV: 12    Int: 18    God:    Xom [....*.]
Gold:   201        SH:  0    Dex: 13    Spells: 5/18 levels left

rFire   . . .      SeeInvis .    (no weapon)
rCold   . . .      Faith    .    (no shield)
rNeg    . . .      Spirit   .    a - +0 robe
rPois   +          Reflect  .    (no helmet)
rElec   .          Harm     .    v - +0 cloak
rCorr   .          Rampage  .    (no gloves)
Will    .....                    (no boots)
Stlth   ++                       o - amulet of the acrobat
HPRegen 0.28/turn                q - ring of poison resistance
MPRegen 0.15/turn                (no ring)

@: no status effects
A: no striking features
a: Renounce Religion


You were on level 4 of the Dungeon.
You worshipped Xom.
You were a beloved toy of Xom.
You visited 1 branch of the dungeon, and saw 5 of its levels.

You collected 201 gold pieces.

Inventory:

Hand Weapons
 p - a +2 dagger of speed
 r - the +3 hammer "Human's Death" {freeze, rElec rC- rN+++ Str-4}
   (You found it on level 3 of the Dungeon)

   Str:       It affects your strength (-4).
   rC:        It makes you vulnerable to cold.
   rElec:     It insulates you from electricity.
   rN:        It renders you almost immune to negative energy.
Missiles
 s - 3 throwing nets
Armour
 a - a +0 robe (worn)
 v - a +0 cloak (worn)
Jewellery
 o - an amulet of the acrobat (around neck)
 q - a ring of poison resistance (left hand)
Scrolls
 c - 5 scrolls of vulnerability {unknown}
 f - 5 scrolls of identify {unknown}
 j - 4 scrolls of fear {unknown}
 l - 2 scrolls of poison {unknown}
 n - 2 scrolls of amnesia {unknown}
 u - a scroll of teleportation {unknown}
Potions
 b - 2 potions of magic
 d - a potion of heal wounds {unknown}
 e - a potion of cancellation {unknown}
 g - 2 potions of lignification {unknown}
 h - a potion of might {unknown}
 i - 2 potions of curing {unknown}
 k - 2 potions of brilliance {unknown}
 m - 2 potions of flight {unknown}
 t - a potion of degeneration {unknown}


   Skills:
 + Level 0.5 Fighting
 + Level 2.9 Dodging
 + Level 2.6 Stealth
 + Level 5.5 Spellcasting
 + Level 1.0 Conjurations
 + Level 1.1 Hexes
 + Level 7.2 Fire Magic


You had 5 spell levels left.
You knew the following spells:

 Your Spells              Type           Power      Damage    Failure   Level
a - Foxfire               Conj/Fire      76%        2x1d7     2%          1
b - Scorch                Fire           62%        2d8       1%          2
c - Inner Flame           Hex/Fire       20%        N/A       7%          3
d - Kindle Blastsparks    Fire/Tloc/Air  26%        2d12      14%         3
e - Flame Wave            Conj/Fire      19%        2d7       22%         4

Your spell library contained the following spells:

 Spells                   Type           Power      Damage    Failure   Level
 Summon Cactus Giant      Summ           2%         N/A       100%        6


Dungeon Overview and Level Annotations

Branches:
Dungeon (5/15)             Temple (0/1) D:4

Altars:
Kikubaaqudgha
Xom

Annotations:
D:4 Duvessa, Robin


Message History

Dowan's fire resistance burns away.
Casting: Scorch (safe; 1% risk of failure)
Confirm with . or Enter, or press ? or * to list all spells.
Flames lash Dowan.
Dowan is burned terribly!
Dowan is severely wounded.
Dowan gestures wildly while chanting.
Dowan blinks!
Casting: Scorch (safe; 1% risk of failure)
Confirm with . or Enter, or press ? or * to list all spells.
Flames lash Dowan.
Dowan is burned terribly!
You kill Dowan!
Duvessa screams, "No!
How DARE you!"
Duvessa goes berserk!
Xom is highly amused!
Duvessa attacks as you move away! Duvessa hits you with a +0 short sword!
Duvessa rages.
Casting: Scorch (safe; 1% risk of failure)
Confirm with . or Enter, or press ? or * to list all spells.
Flames lash the goblin.
You kill the goblin!
Duvessa barely misses you. Duvessa hits you with a +0 short sword.
Casting: Scorch (safe; 1% risk of failure)
Confirm with . or Enter, or press ? or * to list all spells.
You don't know that spell.
Casting: Scorch (safe; 1% risk of failure)
Confirm with . or Enter, or press ? or * to list all spells.
Flames lash Duvessa.
Duvessa is lightly wounded.
Duvessa's fire resistance burns away.
Duvessa hits you with a +0 short sword! x2
Casting: Scorch (safe; 1% risk of failure)
Confirm with . or Enter, or press ? or * to list all spells.
Flames lash Duvessa but do no damage.
Duvessa hits you with a +0 short sword!
* * * LOW HITPOINT WARNING * * *
Casting: Scorch (safe; 1% risk of failure)
Confirm with . or Enter, or press ? or * to list all spells.
Flames lash Duvessa.
Duvessa is burned terribly!
Duvessa is moderately wounded.
Duvessa hits you with a +0 short sword!
You die...
Xom guffaws!

#.# # #.# # #.# #+## # #.#
##...## # #.#### ##)....##
## # #.##.## ##.......##
##.##
#.#...####.........####...#
#........'.e)......+.......
#.#...####@......$.####...#
#.##.## ##.......## ##.##
#.#### ##.....## ##### #.#
##..$## #.... #.# #+##
#.### #)# #.# #.# #.#
##########.# #.# #.#
#.......##.###### #.#
#.###.#####.#.......# #.#


You could see Duvessa (berserk, combustible).

Vanquished Creatures
  An ice beast (D:5)
  Dowan (D:4)
  A howler monkey (D:3)
  4 hounds
  2 orc priests
  Crazy Yiuf (D:3)
  An iguana (D:5)
  4 orc wizards (D:3)
  13 gnolls
  12 adders
  An ufetubus (D:4)
  2 worms (D:3)
  3 dart slugs
  23 orcs
  8 endoplasms
  A giant cockroach (D:2)
  12 goblins
  6 hobgoblins
  14 jackals
  6 kobolds
  4 quokkas
  15 ball pythons
  5 bats
  5 frilled lizards
  5 rats
150 creatures vanquished.

Vanquished Creatures (collateral kills)
  A kobold brigand (D:3)
  3 gnolls (D:3)
  An adder (D:3)
  2 orcs (D:3)
  3 jackals (D:3)
10 creatures vanquished.

Vanquished Creatures (others)
  31 foxfires
  5 fungi (D:3)
36 creatures vanquished.

Grand Total: 196 creatures vanquished

Notes
Turn   | Place    | Note
-------+----------+-------------------------------------------
     0 | D:1      | BaabKaare the Human Fire Elementalist began the quest for
                  | the Orb.
     0 | D:1      | Reached XP level 1. HP: 13/13 MP: 3/3
   307 | D:1      | Reached XP level 2. HP: 12/19 MP: 0/5
   339 | D:1      | Learned a level 2 spell: Scorch
   687 | D:1      | Reached XP level 3. HP: 24/24 MP: 4/6
  2018 | D:2      | Reached XP level 4. HP: 16/30 MP: 0/8
  2458 | D:2      | Reached skill level 4 in Fire Magic
  2509 | D:2      | Found a faded altar of an unknown god.
  2517 | D:2      | Prayed at the altar of an unknown god.
  2517 | D:2      | Became a worshipper of Xom the Begetter of Turbulence
  2656 | D:2      | Learned a level 3 spell: Inner Flame
  2660 | D:2      | Learned a level 3 spell: Kindle Blastsparks
  3278 | D:3      | Reached XP level 5. HP: 35/35 MP: 2/9
  3446 | D:4      | Noticed Robin
  3447 | D:4      | XOM: cast spell 'Call Canine Familiar'
  3605 | D:3      | XOM: enchant monster (good)
  3685 | D:3      | XOM: cleaving
  3725 | D:3      | XOM: divination: magic mapping
  4025 | D:3      | Reached XP level 6. HP: 41/42 MP: 6/11
  4229 | D:3      | Reached skill level 5 in Fire Magic
  4301 | D:3      | XOM: enchant monster (good)
  4524 | D:3      | XOM is BORED!
  4524 | D:3      | XOM: noise
  4583 | D:3      | XOM: divination: magic mapping
  5175 | D:3      | XOM: confuse monster(s)
  5185 | D:3      | XOM: noise
  5189 | D:3      | XOM: confuse monster(s)
  5305 | D:3      | Learned a level 4 spell: Flame Wave
  5332 | D:3      | Found a runed translucent door.
  5333 | D:3      | Noticed Crazy Yiuf
  5339 | D:3      | Killed Crazy Yiuf
  5340 | D:3      | Reached skill level 1 in Hexes
  5362 | D:3      | Identified the +3 hammer "Human's Death" {freeze, rElec rC-
                  | rN+++ Str-4}
  5547 | D:3      | Reached XP level 7. HP: 47/47 MP: 6/13
  5880 | D:3      | XOM: divination: detect items
  5892 | D:3      | XOM: noise
  6026 | D:3      | Reached skill level 6 in Fire Magic
  6085 | D:3      | XOM: polymorph orc -> frilled lizard
  6292 | D:3      | Reached skill level 5 in Spellcasting
  6292 | D:3      | Reached XP level 8. HP: 44/53 MP: 1/15
  6423 | D:3      | XOM: polymorph gnoll -> goblin
  6701 | D:3      | XOM: scenery: 6 doors close
  6782 | D:4      | Found an ancient bone altar of Kikubaaqudgha.
  6912 | D:5      | Entered Level 5 of the Dungeon
  6990 | D:4      | You fall into a shaft and drop 1 floor!
  7001 | D:4      | Found a staircase to the Ecumenical Temple.
  7014 | D:5      | Reached skill level 7 in Fire Magic
  7190 | D:3      | XOM: polymorph goblin -> rat
  7696 | D:4      | Noticed Dowan
  7696 | D:4      | Noticed Duvessa
  7701 | D:4      | Killed Dowan
  7707 | D:4      | Mangled by Duvessa

Illustrated notes

Levels and vault maps discovered:
D:1:      elethiomel_arrival_quiet, layout_loops_corners,
          chequers_serial_rivers_micro_a
D:2:      layout_basic, nicolae_ecumenical_lake_church
D:3:      lemuel_castle_with_subvaults [lemuel_castle_interior_carwin_2],
          layout_basic, minmay_snake_closets, uniq_crazy_yiuf_cottage
D:4:      old_forge, layout_loops_corners, lemuel_crystal_altar,
          minmay_temple_entry_wispy, uniq_robin, uniq_duvessa
D:5:      layout_basic, gammafunk_ghost_mausoleum, serial_shops,
          kennysheep_little_box

Skill      XL: |  1  2  3  4  5  6  7  8 |
---------------+-------------------------+-----
Spellcasting   | 3 4 5 |  5.5
Fire Magic     | 4 5 6 7 |  7.2
Hexes          | 1 |  1.1
Fighting       | |  0.5
Dodging        | |  2.9
Stealth        | |  2.6
Conjurations   | |  1.0

Action                   |  1- 3 |  4- 6 |  7- 9 || total
-------------------------+-------+-------+-------++-------
Melee: Unarmed           |     2 |     6 |       ||     8
 Cast: Foxfire           |    16 |     2 |       ||    18
       Scorch            |    26 |    88 |    91 ||   205
       Inner Flame       |       |     1 |     1 ||     2
  Use: Potion            |       |       |     1 ||     1
Armor: Robe              |    10 |     9 |    16 ||    35
Dodge: Dodged            |    37 |    50 |   142 ||   229

Table legend: (Time is in decaauts)
 A = Elapsed time spent in this place.
 B = Non-inter-level travel time spent in this place.
 C = Inter-level travel time spent in this place.
 D = Time resting spent in this place.
 E = Time spent auto-exploring this place.
 F = Levels seen in this place.
 G = Mean time per level.
                   A        B        C        D        E       F      G
               +--------+--------+--------+--------+--------+-----+--------+
         Total |   7728 |   7603 |    125 |   3735 |   1604 |   5 | 1545.6 |
       Dungeon |   7728 |   7603 |    125 |   3735 |   1604 |   5 | 1545.6 |
               +--------+--------+--------+--------+--------+-----+--------+

Top non-repeatable levels by time:
     D:3: 3646 daAuts
     D:2: 1707 daAuts
     D:1: 1672 daAuts
     D:4: 501 daAuts
     D:5: 200 daAuts
